[Event "Championnat du monde jeunes U12"]
[Date "2024.11.23"]
[White "Zhang, Sean"]
[Black "Wang, Yu-Chi Xavier"]
[WhiteElo "1789"]
[BlackElo "1543"]
[Round "8.50"]
[Result "1/2-1/2"]
[TimeControl "5400+30"]

1. d4 d5 2. Bf4 c5 3. e3 Bf5 4. dxc5 Nc6 5. Nf3 e6 6. Nd4 Bxc5 7. Nxf5 exf5 8. Nd2 Nf6 9. c3 O-O 10. Nb3 Bd6 11. Bg5 Be7 12. Bd3 Ne4 13. Bxe7 Qxe7 14. O-O Rad8 15. Qe2 Rfe8 16. Rfe1 g6 17. Nd4 Nc5 18. Bb5 Qc7 19. Qf1 Ne6 20. Rac1 Qb6 21. b3 Re7 22. Bd3 Ne5 23. Be2 Nc6 24. g3 Rc8 25. Bf3 Rd8 26. Red1 Ng5 27. Bg2 Ne4 28. Ne2 Red7 29. h4 Ne5 30. Nf4 Qa5 31. Bxe4 dxe4 32. Rxd7 Rxd7 33. Qe2 Nf3+ 34. Kg2 Rd2 35. Qc4 Qxa2 36. Rf1 Qa6 1/2-1/2

[Variant "Standard"]
[Site "Europe Echecs"]

[Event "Championnat du monde jeunes U12"]
[Date "2024.11.23"]
[White "Berishvili, Davit"]
[Black "Simiyu Jadon"]
[WhiteElo "1578"]
[BlackElo "1784"]
[Round "8.51"]
[Result "0-1"]
[TimeControl "5400+30"]

1. d4 d5 2. Nf3 Nf6 3. g3 e6 4. Bg2 Be7 5. O-O O-O 6. c4 c5 7. cxd5 Nxd5 8. e4 Nb6 9. dxc5 Bxc5 10. b3 Nc6 11. Qc2 Qe7 12. Bb2 e5 13. Nc3 Bg4 14. Ne2 Rac8 15. Rac1 Nb4 16. Qb1 Bxf3 17. Bxf3 Rfd8 18. Rfd1 Qf6 19. Kg2 Rxd1 20. Rxd1 a5 21. a3 Nc6 22. Nf4 Nd4 23. Bxd4 Bxd4 24. Ne2 g6 25. Rc1 Rd8 26. Rc7 Rd7 27. Qc2 Qd6 28. Rxd7 Qxd7 29. g4 Qd6 30. Qd2 a4 31. bxa4 Nxa4 32. Qa5 Nc5 33. Ng3 Ne6 34. Ne2 b6 35. Qa8+ Kg7 36. Qa4 Bc5 37. h4 Bxa3 38. h5 Bc5 39. Qc2 Qe7 40. Qc3 Qf6 41. Qd2 Qh4 42. Ng3 Ng5 43. Bd1 Qh3+ 44. Kg1 Qxg3+ 45. Kf1 Qh3+ 46. Kg1 Nxe4 47. h6+ Qxh6 48. Qe2 Nxf2 49. Qxe5+ Kg8 50. Qe8+ Qf8 51.
Qxf8+ Kxf8 0-1

[Variant "Standard"]
[Site "Europe Echecs"]

[Event "Championnat du monde jeunes U12"]
[Date "2024.11.23"]
[White "Zutautas, Mantas"]
[Black "Lee, Daniel Joshua"]
[WhiteElo "1540"]
[BlackElo "1765"]
[Round "8.52"]
[Result "0-1"]
[TimeControl "5400+30"]

1. d4 d5 2. Nf3 Nf6 3. Bf4 c5 4. c3 Nc6 5. e3 Qb6 6. Qc2 g6 7. Bd3 c4 8. Be2 Bf5 9. Qc1 Bg7 10. Nbd2 O-O 11. O-O Qd8 12. h3 b5 13. Nh4 Bd7 14. Qc2 Ne8 15. e4 dxe4 16. Nxe4 Nd6 17. Nc5 Bc8 18. a4 e5 19. dxe5 Qxh4 20. Bg3 Qg5 21. h4 Qf5 22. Qxf5 Nxf5 23. Bf3 Nxg3 24. fxg3 bxa4 25. Bxc6 Rb8 26. Nxa4 Bxe5 27. Kh2 Rd8 28. Rf2 Rd3 29. Rf3 Rd2 30. Nc5 Rbxb2 31. Rxa7 Rxg2+ 32. Kh1 Bh3 33. Ra1 Rh2+ 34. Kg1 Rbg2+ 35. Kf1 Rh1# 0-1

[Variant "Standard"]
[Site "Europe Echecs"]

[Event "Championnat du monde jeunes U12"]
[Date "2024.11.23"]
[White "Yusupov, Rauf"]
[Black "Sharku, Uvejs"]
[WhiteElo "1763"]
[BlackElo "1516"]
[Round "8.53"]
[Result "1-0"]
[TimeControl "5400+30"]

1. d4 c6 2. Nf3 d5 3. e3 Nf6 4. b3 Bf5 5. Bd3 Bg6 6. Ba3 Nbd7 7. O-O e6 8. Bxf8 Nxf8 9. Ne5 N8d7 10. f4 Bxd3 11. Qxd3 Ne4 12. Nd2 Ndf6 13. Nxe4 Nxe4 14. c4 O-O 15. c5 Rc8 16. b4 f5 17. a4 Rf6 18. b5 cxb5 19. axb5 Ra8 20. Ra2 Rh6 21. Rfa1 Rb8 22. Nf3 b6 23. c6 a5 24. bxa6 Qc7 25. a7 Ra8 26. Ne5 Qd8 27. g3 Qe8 28. c7 Nxg3 29. c8=Q Qxc8 30. hxg3 Qe8 31. Qe2 Rh3 32. Kg2 Rh5 33. Rb1 1-0

[Variant "Standard"]
[Site "Europe Echecs"]

[Event "Championnat du monde jeunes U12"]
[Date "2024.11.23"]
[White "Leht, Karl Samuel"]
[Black "Kim, Minwoo"]
[WhiteElo "1701"]
[BlackElo "1501"]
[Round "8.56"]
[Result "1-0"]
[TimeControl "5400+30"]

1. e4 e5 2. Nf3 Nc6 3. Bc4 Bc5 4. b4 Bxb4 5. c3 Bc5 6. d4 exd4 7. cxd4 Bb4+ 8. Nbd2 d6 9. d5 Ne5 10. Qa4+ c6 11. Qxb4 a5 12. Qc3 cxd5 13. Bxd5 Nxf3+ 14. Nxf3 Nf6 15. O-O h5 16. Bb2 h4 17. Rfe1 h3 18. g3 Bg4 19. Bxb7 Rb8 20. Bc6+ Kf8 21. Ba3 Rc8 22. e5 Nd5 23. Qd4 Bxf3 24. Bxd5 Bxd5 25. Qxd5 Rc2 26. Qxd6+ Qxd6 27. exd6 f6 28. d7+ Kf7 29. Re7+ Kg6 30. Re8 Rh5 31. d8=Q Rf5 32. Rf1 Rxa2 33. Qd3 Kg5 34. Bc1+ Kg6 35. g4 Kf7 36. Qd7+ Kg6 37. gxf5+ Kh5 38. Rh8+ Kg4 39. f3# 1-0

[Variant "Standard"]
[Site "Europe Echecs"]

[Event "Championnat du monde jeunes U12"]
[Date "2024.11.23"]
[White "To, Nam Long"]
[Black "Mintz, Nathan"]
[WhiteElo "1608"]
[BlackElo "1633"]
[Round "8.58"]
[Result "0-1"]
[TimeControl "5400+30"]

1. d4 Nf6 2. Bf4 g6 3. e3 d5 4. Nf3 Bg7 5. h3 O-O 6. Be2 c5 7. c3 Nc6 8. O-O Nd7 9. Nbd2 e5 10. dxe5 Ndxe5 11. Nxe5 Nxe5 12. Nf3 Re8 13. Nxe5 Bxe5 14. Bb5 Bd7 15. Bxd7 Qxd7 16. Bxe5 Rxe5 17. Qd3 Rd8 18. Rad1 Qa4 19. a3 Qh4 20. Kh2 Rf5 21. Rd2 Qf6 22. f4 d4 23. c4 Rh5 24. g4 Rh4 25. Kg3 Qe7 26. Rff2 Rh6 27. g5 Rh5 28. Rfe2 Qd6 29. h4 f6 30. Kg4 Qe6+ 31. f5 gxf5+ 32. Kg3 fxg5 33. exd4 Qd6+ 34. Kg2 Rxh4 35. Re5 Rxd4 36. Rd5 Rxd3 37. R2xd3 Qc6 0-1

[Variant "Standard"]
[Site "Europe Echecs"]

[Event "Championnat du monde jeunes U12"]
[Date "2024.11.23"]
[White "Son, Juwon"]
[Black "Krasniqi, Troi"]
[WhiteElo "1448"]
[BlackElo "1610"]
[Round "8.60"]
[Result "1-0"]
[TimeControl "5400+30"]

1. e4 c5 2. c3 d5 3. exd5 Qxd5 4. d4 cxd4 5. Qxd4 Qxd4 6. cxd4 Nc6 7. Bb5 Bd7 8. Nf3 a6 9. Ba4 O-O-O 10. Be3 e6 11. Nc3 Nf6 12. O-O-O Bb4 13. Bb3 Kb8 14. Bf4+ Ka8 15. Ne5 Nxe5 16. dxe5 Ng4 17. Rd2 Bc6 18. f3 Rxd2 19. Kxd2 Nf2 20. Rf1 Rd8+ 21. Kc2 Nd3 22. Rd1 Bxc3 23. bxc3 Bb5 24. a4 Rc8 25. Bg3 Nb4+ 26. Kb2 Nd3+ 27. Ka2 Rxc3 28. axb5 Nc1+ 29. Kb2 Rxb3+ 30. Kxc1 Rxb5 31.
Rd7 Rc5+ 32. Kb2 Kb8 33. Rxf7 Rc7 34. Rf4 Kc8 35. Rd4 Rd7 36. Rd6 Re7 37. Bf2 Rd7 38. Kc3 Rxd6 39. exd6 Kd7 40. Bg3 g5 41. Kb4 b6 42.
h3 Kc6 43. Be5 Kd7 44. g3 Kc6 45. f4 gxf4 46. Bxf4 Kd7 47. g4 h6 48. h4 Ke8 49. Bxh6 e5 50. Bg7 e4 51. Bd4 Kd7 52. h5 a5+ 53. Kb5 a4 54. Kxa4 b5+ 55. Kxb5 e3 56. Bxe3 1-0

[Variant "Standard"]
[Site "Europe Echecs"]

[Event "Championnat du monde jeunes U12"]
[Date "2024.11.23"]
[White "Mamarasulov, Husan"]
[Black "Mihajlovic, Stefan"]
[WhiteElo "1407"]
[BlackElo "1594"]
[Round "8.61"]
[Result "0-1"]
[TimeControl "5400+30"]

1. d4 Nf6 2. c4 e5 3. dxe5 Ng4 4. Nc3 Nxe5 5. e3 Nbc6 6. f4 Ng6 7. Nf3 d6 8. Bd3 Bg4 9. O-O Nh4 10. Be2 Be6 11. Nd4 Nxd4 12. exd4 d5 13. c5 c6 14. Bg4 Nf5 15. Bxf5 Bxf5 16. Re1+ Be7 17. Re5 Qd7 18. h3 f6 19. Re3 O-O-O 20. b4 g5 21. Qa4 gxf4 22. Rxe7 Qxe7 23. Bxf4 a6 24.
Qa5 Rhg8 25. Kh2 h5 26. Re1 Qg7 27. g3 Rde8 28. Na4 Rxe1 29. Nb6+ Kd8 30. Nc4+ Ke7 31. Qc7+ Bd7 32. Qd6+ Ke8 33. Qc7 Qe7 34. Nd6+ Kf8 35. Bh6+ Rg7 36. Qb8+ Be8 37. Bxg7+ Qxg7 38. Nf5 Qg5 39.
Qd6+ Kg8 40. g4 h4 41. Kg2 Qd2+ 0-1

[Variant "Standard"]
[Site "Europe Echecs"]

[Event "Championnat du monde jeunes U12"]
[Date "2024.11.23"]
[White "Anuzis, Finas"]
[Black "Pennacchia, Domenico"]
[WhiteElo "1614"]
[BlackElo "1510"]
[Round "8.71"]
[Result "1/2-1/2"]
[TimeControl "5400+30"]

1. d4 f5 2. Nf3 Nf6 3. Bf4 e6 4. e3 Be7 5. Nbd2 O-O 6. Be2 b6 7. O-O Bb7 8. c4 d6 9. h3 h6 10. Bh2 Nbd7 11. Nh4 Qe8 12. f4 c5 13. Nhf3 Ne4 14. dxc5 Ndxc5 15. Nxe4 Bxe4 16. Nd2 Qc6 17. Nxe4 fxe4 18. b3 Bf6 19. Rc1 a5 20. f5 Bg5 21. Rc3 e5 22. a3 Rfd8 23. b4 axb4 24. axb4 Na4 25. Ra3 Nb2 26. Qb3 Rxa3 27. Qxa3 Nxc4 28. Qb3 Bxe3+ 29. Kh1 d5 30. Bxc4 dxc4 31. Qxe3 Rd3 32. Qc1 Qd5 33. Qb2 c3 34. Qc2 e3 35. Qa4 b5 36. Qa7 Rd2 37. Rg1 e2 38. Qb8+ Kh7 39. Qxe5 Rd1 40. Qxe2 Rxg1+ 41. Bxg1 Qd2 42.
Qe3 Qb2 43. Qd4 Qc1 44. Qe3 Qa3 45. f6 1/2-1/2

[Variant "Standard"]
[Site "Europe Echecs"]

[Event "Championnat du monde jeunes U12"]
[Date "2024.11.24"]
[White "Batbaatar, Baatar"]
[Black "Kuandykuly, Danis"]
[WhiteElo "2030"]
[BlackElo "2199"]
[Round "9.8"]
[Result "0-1"]
[TimeControl "5400+30"]

1. e4 e5 2. Nf3 Nc6 3. Bb5 a6 4. Ba4 Nf6 5. O-O Nxe4 6. d4 b5 7. Bb3 d5 8. dxe5 Be6 9. c3 Bc5 10. Nbd2 O-O 11. Bc2 Nxf2 12. Rxf2 f6 13. Nf1 Bxf2+ 14. Kxf2 fxe5 15. Kg1 Bg4 16. Ne3 Be6 17. Nf1 h6 18. Be3 Qf6 19. a4 Rad8 20. axb5 axb5 21. Ra6 Bc8 22.
Rxc6 Qxc6 23. Nxe5 Qe8 24. Nf3 Bf5 25. Bxf5 Rxf5 26. Qd3 Qe4 27. Qxb5 Rd6 28. Qe2 Rf7 29. b4 Re6 30. Qf2 Rfe7 31. Bd4 Qb1 32. Nd2 Qd1 33. Qf3 Re2 34. Qxd5+ Rf7 35. Nf3 c6 36. Qxc6 Kh7 37. b5 Qc2 38. Kh1 Qd1 39. Kg1 Qc2 40. Kh1 Qb1 41. Kg1 Qa2 42. Ne5 Rxe5 0-1

[Variant "Standard"]
[Site "Europe Echecs"]

[Event "Championnat du monde jeunes U12"]
[Date "2024.11.24"]
[White "Shilon Rahav, Eliran"]
[Black "Sobirov, Afruzbek"]
[WhiteElo "2150"]
[BlackElo "1928"]
[Round "9.14"]
[Result "0-1"]
[TimeControl "5400+30"]

1. e4 e5 2. Nf3 Nc6 3. Bb5 a6 4. Ba4 Nf6 5. Qe2 Bc5 6. c3 b5 7. Bc2 d6 8. O-O O-O 9. Rd1 Bg4 10. h3 Bh5 11. d3 Qe7 12. Nbd2 Rfe8 13. Nf1 Rad8 14. g4 Bg6 15. Ng3 d5 16. Nh4 dxe4 17. Nhf5 Bxf5 18. Nxf5 Qf8 19. dxe4 Rxd1+ 20. Bxd1 Ne7 21. Bb3 Nxf5 22.
exf5 e4 23. Bf4 Bd6 24. Bxd6 Qxd6 25.
Rd1 Qf4 26. Qe3 Qxe3 27. fxe3 h6 28.
Kf2 Kf8 29. Kg3 g5 30. fxg6 fxg6 31.
Kf4 g5+ 32. Kf5 Kg7 33. Be6 Re7 34. b4 Ne8 35. Ke5 Nd6 36. Rxd6 cxd6+ 37. Kxd6 Kf6 38. Bd7 Re5 39. Kc6 Re7 40. Bc8 Ke5 41. Bxa6 Ra7 42. Kxb5 Rd7 43. Kc4 Rd3 44. b5 Rxe3 45. b6 Kd6 46. Kd4 Rxh3 47. c4 Ra3 48. Bb5 Rd3+ 49. Kxe4 Rd1 50. a4 Kc5 51. a5 Rd8 52. Kf5 Kb4 53. a6 Kc5 54. b7 Kb6 55. c5+ Kc7 56. Kg6 Kb8 57. c6 Rd5 58. Ba4 Rd4 59. Bb3 Rd6+ 60. Kh5 Rxc6 61. Bf7 Rxa6 62. Bd5 Kc7 63. Be4 Rb6 64. Bf3 Kd7 65. Be4 Ke7 66. Bd5 Kf8 67. Be4 Kg7 68. Bg2 Rb3 69. b8=Q Rxb8 70. Bb7 Kf6 71. Be4 Rb2 0-1

[Variant "Standard"]
[Site "Europe Echecs"]

[Event "Championnat du monde jeunes U12"]
[Date "2024.11.24"]
[White "Ilcic, Aleksa"]
[Black "Teo, Hong Kai Javier"]
[WhiteElo "1757"]
[BlackElo "1675"]
[Round "9.53"]
[Result "1-0"]
[TimeControl "5400+30"]

1. d4 e6 2. c4 Nf6 3.
Nf3 Bb4+ 4. Bd2 Bxd2+ 5. Nbxd2 d6 6. e3 b6 7. Be2 Bb7 8. O-O O-O 9. Qc2 Nbd7 10. Rfd1 Qe7 11. Bd3 e5 12. dxe5 dxe5 13. Ne4 Rad8 14. Rac1 Rfe8 15. a3 a5 16. Nfg5 h6 17. Nxf6+ Qxf6 18. Be4 Bxe4 19. Nxe4 Qe6 20. c5 f5 21. cxb6 fxe4 22. bxc7 Rc8 23. Qxe4 Nf6 24. Qb7 Ra8 25. Qxa8 Rxa8 26. Rd8+ Rxd8 27. cxd8=Q+ Kh7 28. Qxa5 Qf5 29. Qc3 e4 30. h3 Nd7 31. b4 Ne5 32. Qc5 Qf6 33. Qd4 Qf5 34. Rc5 Nf3+ 35. gxf3 Qxf3 36. Rc7 Qd1+
37. Qxd1 1-0

[Variant "Standard"]
[Site "Europe Echecs"]

[Event "Championnat du monde jeunes U12"]
[Date "2024.11.24"]
[White "Wang, William Kaiyuan"]
[Black "Zutautas, Mantas"]
[WhiteElo "1715"]
[BlackElo "1540"]
[Round "9.56"]
[Result "1-0"]
[TimeControl "5400+30"]

1. e4 e6 2. d4 d5 3. Nc3 Bb4 4. Ne2 dxe4 5. a3 Bf8 6. Nxe4 Nd7 7. N2c3 Ngf6 8. Bc4 b6 9. O-O Bb7 10. Ng3 c5 11. d5 exd5 12. Re1+ Be7 13. Bxd5 Nxd5 14. Nxd5 Bxd5 15. Qxd5 O-O 16. Bf4 Re8 17. Rad1 Nf6 18. Qg5 Qc8 19. Rxe7 Rxe7 20. Nf5 Qf8 21. Bd6 Rd8 22. f3 Rxd6 23. Rxd6 Re6 24. Rd8 Re8 25. Rxe8 Nxe8 26. Qe7 g6 27. Qg5 f6 28. Qg4 Kh8 29. Ne3 Qe7 30. Kf2 Nd6 31. b3 Kg7 32. h4 Kf7 33. h5 f5 34. hxg6+ hxg6 35. Qf4 Kg7 36. Nd5 Qe6 37. Nc7 Qe7 38. Qxd6 Qh4+ 39. Ke2 Qh1 40. Qe7+ Kh6 41. Qf8+ Kg5 42. Ne6+ 1-0

[Variant "Standard"]
[Site "Europe Echecs"]

[Event "Championnat du monde jeunes U12"]
[Date "2024.11.24"]
[White "Park, Onyoo"]
[Black "Huang, Hao-Xuan"]
[WhiteElo "1710"]
[BlackElo "1516"]
[Round "9.57"]
[Result "1-0"]
[TimeControl "5400+30"]

1. d4 d5 2. c4 c6 3. cxd5 cxd5 4. Nc3 Nf6 5. Bg5 Nc6 6. Bxf6 exf6 7. e3 Bb4 8. Ne2 Bg4 9. Qb3 Qd7 10. Nf4 Rd8 11. h3 Be6 12. Be2 O-O 13. Bf3 Bxc3+ 14. Qxc3 Rc8 15. Qd2 Rfe8 16. O-O Ne7 17. Rac1 Nf5 18. Rxc8 Rxc8 19. Rc1 Rc6 20. Rxc6 Qxc6 21. Ne2 h6 22. Nc3 Nd6 23. Ne2 Nc4 24. Qc3 Qb6 25. b3 Na3 26. Nf4 Qc6 27. Qc5 Qxc5 28. dxc5 Bf5 29. Nxd5 Kf8 30. Kf1 Ke8 31. Nc3 b6 32. Be4 Be6 33. cxb6 axb6 34. Ke2 Kd7 35. Bd5 Kd6 36. Bxe6 fxe6 37. Kd3 f5 38. f4 Kc5 39. Ne2 Kd5 40. Nc3+ Kc5 41. e4 b5 42. Ne2 g6 43. Nd4 Kd6 44. exf5 exf5 45. Kc3 Kd5 46. Kd3 h5 47. Nf3 Ke6 48. Kc3 Nb1+ 49. Kb2 Nd2 50. Nxd2 Kd5 51. Kc3 Kc5 52. a4 b4+ 53. Kd3 Kd5 54. a5 Kc5 55. Nc4 Kb5 56. Kd4 Kc6 57. a6 h4 58. Ke5 Kc7 59. Kf6 Kb8 60. Kxg6 Ka7 61. Kxf5 Kxa6 62. Ke6 Kb5 63. f5 Kc5 64. f6 Kd4 65. f7 Kc3 66. Na5 Kb2 67. f8=Q Ka3 68. Qc5 Ka2 69. Qc2+ Ka1 70. Qe2 Kb1 71. Nc4 Kc1 72. Qd2+ Kb1 73. Qb2# 1-0

[Variant "Standard"]
[Site "Europe Echecs"]

[Event "Championnat du monde jeunes U12"]
[Date "2024.11.25"]
[White "Aansh Nandan Nerurkar"]
[Black "Platonovs, Nikolajs"]
[WhiteElo "2247"]
[BlackElo "1969"]
[Round "10.4"]
[Result "1-0"]
[TimeControl "5400+30"]

1. e4 c5 2. Nf3 d6 3. Bb5+ Nd7 4. a4 Nf6 5. Nc3 g6 6. a5 Bg7 7. O-O O-O 8. d3 a6 9. Bc4 b5 10. axb6 a5 11. Bg5 Nxb6 12. Bb3 Bd7 13. e5 dxe5 14. Nxe5 a4 15. Bc4 Qc7 16. Re1 e6 17. Qf3 Nfd5 18. Bxd5 exd5 19. Bf6 Qd6 20. Nxd7 Qxd7 21. g3 Rfe8 22. Bxg7 Kxg7 23. Qf4 Rxe1+ 24. Rxe1 h5 25. Qe5+ Kg8 26. Qf6 d4 27. Ne4 Nd5 28. Qg5 Re8 29. Ra1 Kg7 30. Nxc5 Qc6 31. Nxa4 Nb4 32. Qc5 Qxc5
33. Nxc5 Nxc2 34. Rc1 Nb4 35. Kf1 Nc6 36. Rc4 Ne5 37. Rc1 Nf3 38. h4 Rb8 39. Ke2 Ne5 40. Rc2 Ng4 41. Ne4 Re8 42. Kf1 Rb8 43. Nd2 Ne5 44. Ke2 Re8 45. Nf3 Ng4+ 46. Kf1 Rb8 47. Ke2 Re8+ 48. Kd1 Rb8 49. Re2 Rc8 50. Nd2 Nf6 51. Nc4 Rb8 52. Re7 Ng4 53. f3 Nh6 54. Re4 Nf5 55. g4 hxg4 56. Rxg4 Ne3+ 57. Nxe3 dxe3 58. b4 f5 59. Rc4 Rf8 60. b5 f4 61. b6 Rb8 62. Rxf4 Rxb6 63. Ke2 1-0

[Variant "Standard"]
[Site "Europe Echecs"]

[Event "Championnat du monde jeunes U12"]
[Date "2024.11.25"]
[White "Stepanyan, Davit"]
[Black "Abdsattar, Alisher"]
[WhiteElo "2011"]
[BlackElo "2082"]
[Round "10.9"]
[Result "0-1"]
[TimeControl "5400+30"]

1. d4 Nf6 2. c4 g6 3. Nc3 Bg7 4. e4 d6 5. Nf3 O-O 6. Be2 e5 7. O-O Nc6 8. d5 Ne7 9. Ne1 Nd7 10. f3 f5 11. g4 Kh8 12. Bd2 Ng8 13. Ng2 Bf6 14. exf5 gxf5 15. gxf5 Ne7 16. Ne3 Bg5 17. Ne4 Bf4 18. Ng3 Nf6 19. Bd3 Qe8 20. Ng2 Bxd2 21. Qxd2 Nh5 22. Nxh5 Qxh5 23. f4 Bxf5 24. fxe5 dxe5 25. Rae1 Ng6 26. Bxf5 Rxf5 27. Rxf5 Qxf5 28. Qe2 Rg8 29. Kh1 Rf8 30. Rd1 e4 31. c5 Ne5 32. Ne3 Qh3 33. Rf1 Nf3 34. b4 Rg8 35. d6 cxd6 36. cxd6 Rg6 37. Rc1 Rxd6 38. Qb2+ Kg8 39. Qg2+ Qxg2+ 40. Kxg2 Rd7 41. Rc4 Nd2 42. Rc8+ Kf7 43. Kg3 Ke6 44. Re8+ Kd6 45. h4 Kc6 46. a4 Rf7 47. Ng4 Kd7 48. Rh8 Ke7 49. b5 Nc4 50. Nh6 Rf3+ 51. Kh2 e3 52. Rxh7+ Kd6 53. Rh8 e2 54. Re8 Ne3 55. Nf5+ Kd7 0-1

[Variant "Standard"]
[Site "Europe Echecs"]

[Event "Championnat du monde jeunes U12"]
[Date "2024.11.25"]
[White "Nguyen, Khoi"]
[Black "Kleschevnikov, Arseny"]
[WhiteElo "1994"]
[BlackElo "1893"]
[Round "10.20"]
[Result "1/2-1/2"]
[TimeControl "5400+30"]

1. c4 e6 2. Nf3 d5 3. g3 Nf6 4. Bg2 d4 5. O-O c5 6. e3 Nc6 7. exd4 cxd4 8. d3 Bd6 9. Bg5 h6 10. Bxf6 Qxf6 11. Nbd2 Qe7 12. Re1 O-O 13. a3 a5 14. Nb3 Qf6 15. c5 Bc7 16. Rc1 e5 17. Nbd2 Re8 18. Qc2 Qd8 19. Nc4 Kh8 20. Nfd2 f5 21. Nd6 Bxd6 22. cxd6 Qxd6 23. Nc4 Qf6 24. f4 e4 25. dxe4 fxe4 26. Bxe4 Bh3 27. Qd3 Rad8 28. Nd2 Qd6 29. Nf3 Be6 30. Re2 Bd5 31. Rce1 Bxe4 32. Rxe4 Rxe4 33. Rxe4 Qc5 34. Re1 Qd5 35. Nh4 a4 36. Ng6+ Kg8 37. Ne5 Nxe5 38. Rxe5 1/2-1/2

[Variant "Standard"]
[Site "Europe Echecs"]

[Event "Championnat du monde jeunes U12"]
[Date "2024.11.25"]
[White "Liu, Richard Jingjie"]
[Black "Wang, Yu-Chi Xavier"]
[WhiteElo "1795"]
[BlackElo "1543"]
[Round "10.52"]
[Result "1-0"]
[TimeControl "5400+30"]

1. e4 e5 2. Nf3 Nc6 3. Bc4 Bc5 4. c3 Nf6 5. d4 exd4 6. cxd4 Bb4+ 7. Nc3 Nxe4 8. O-O Bxc3 9. d5 Ne5 10. bxc3 Nxc4 11. Qd4 Ncd6 12. Qxg7 Qf6 13. Qxf6 Nxf6 14. Re1+ Nfe4 15. Nd2 f5 16. f3 O-O 17. fxe4 Re8 18. e5 Nf7 19. Nf3 Kg7 20. c4 Rb8 21. a4 c6 22. Bb2 Kg6 23. Ra3 cxd5 24. cxd5 b5 25. Nh4+ Kg5 26. Nf3+ Kg6 27. axb5 Rxb5 28. Nh4+
Kg5 29. Bc1+ Kxh4 30.
Rh3+ Kg4 31. Rxh7 Rxe5 32. h3+ Kg3 33.
Rf1 Rb3 1-0

[Variant "Standard"]
[Site "Europe Echecs"]

[Event "Championnat du monde jeunes U12"]
[Date "2024.11.25"]
[White "Su, Jayden Chenxuan"]
[Black "Mihajlovic, Stefan"]
[WhiteElo "1700"]
[BlackElo "1594"]
[Round "10.55"]
[Result "1-0"]
[TimeControl "5400+30"]

1. d4 Nf6 2. c4 e5 3. dxe5 Ng4 4. e4 Nxe5 5. f4 Ng6 6. Nc3 Bb4 7. Ne2 d6 8. a3 Bc5 9. b4 Bb6 10. Nd5 O-O 11. Nxb6 axb6 12. f5 Ne5 13. Nc3 Nbc6 14. Be2 Nxb4 15. Bb2 Nbc6 16. O-O Na5 17. f6 Naxc4 18. Bxc4 Nxc4 19. Bc1 gxf6 20. Nd5 f5 21. exf5 Ne5 22. Bh6 Re8 23. Qh5 f6 24. Nxf6+ 1-0

[Variant "Standard"]
[Site "Europe Echecs"]

[Event "Championnat du monde jeunes U12"]
[Date "2024.11.26"]
[White "Smirnov, Mark"]
[Black "Aansh Nandan Nerurkar"]
[WhiteElo "2300"]
[BlackElo "2247"]
[Round "11.1"]
[Result "1-0"]
[TimeControl "5400+30"]

1. e4 c5 2. Nf3 d6 3. d4 cxd4 4. Nxd4 Nf6 5. Nc3 g6 6. Be3 Bg7 7. f3 O-O 8. Qd2 Nc6 9. O-O-O Nxd4 10. Bxd4 Be6 11. Kb1 Qc7 12. h4 h5 13. g4 Rfc8 14. gxh5 Nxh5 15. Bxg7 Kxg7 16. Rg1 Qb6 17. Rg5 Nf6 18. h5 Rg8 19. hxg6 fxg6 20. Bd3 Kf8 21. e5 dxe5 22. Rxg6 Rh8 23. Qg5 Bf7 24. Rh6 Rg8 25. Qxe5 Rd8 26. Re1 Qe6 27. Qxe6 Bxe6 28. Ne4 Nxe4 29. Rxe6 Ng5 30. R6e3 Rg7 31. f4 Nh7 32. Rh3 Nf6 33. Bc4 Rh7 34. Rxh7 Nxh7 35. c3 Nf6 36. Kc2 Rd6 37. b4 Ke8 38. a4 Nh5 39. f5 Ng7 40. Re5 Kd7 41. a5 Rf6 42. Bd3 b6 43. Rb5 Kc6 44. c4 e6 45. fxe6 Nxe6 46. Be4+ Kc7 47. Rh5 Nd8 48. a6 Rf7 49. Bd5 Rd7 50. b5 Nf7 51. Be6 Re7 52. Rh7 Rxe6 53. Rxf7+ Kb8 54. Rf8+ Kc7 55.
Ra8 Kd6 56. Rxa7 Kc5 57. Rc7+ Kb4 58. a7 Re8 59. Kd3 Rd8+ 60. Ke4 Ka5 61. Rb7 Ra8 62. Kd5 Kb4 63. Kc6 Kxc4 64. Kxb6 Kb4 65. Rb8 Rxa7 66. Kxa7 Kc5 67. b6 Kc6 68. b7 Kc7 69. Rc8+ Kd7 70. b8=Q Ke7 71. Qe5+ Kf7 72. Rc7+ Kg6 73. Rg7+ Kh6 74. Qg5# 1-0

[Variant "Standard"]
[Site "Europe Echecs"]

[Event "Championnat du monde jeunes U12"]
[Date "2024.11.26"]
[White "Luger, Sam"]
[Black "Radzimski, Antoni"]
[WhiteElo "2094"]
[BlackElo "2188"]
[Round "11.2"]
[Result "1/2-1/2"]
[TimeControl "5400+30"]

1. Nf3 Nf6 2. g3 d5 3. Bg2 Bf5 4. c4 c6 5. Qb3 Qb6 6. Nc3 e6 7. d3 Nbd7 8. Be3 Qxb3 9. axb3 a6 10. Nh4 Bg6 11. Nxg6 hxg6 12. h3 Bd6 13. O-O Ke7 14. d4 Rhc8 15. Bg5 Kf8 16. Rfd1 Be7 17. Ra2 Nb6 18. c5 Nbd7 19. b4 Re8 20. Bf4 Nh5 21. Be3 Nhf6 22. Bf4 Nh5 23. Be3 Nhf6 24. f4 Rac8 25. Bf2 Bd8 26. e3 Bc7 27. Re1 Ng8 28. Raa1 f5 29. g4 Ndf6 30. Bf3 Ne4 31. g5 Ne7 32. Red1 Kf7 33. Be1 Rh8 34. h4 Rb8 35. Ne2 Rbc8 36. Nc1 Rcd8 37. Nd3 Rc8 38. Kg2 Rcd8 39. Ra2 Rc8 40. Be2 Rb8 41. Rda1 Rhc8 42. Nc1 Rd8 43. Nb3 Re8 44. Na5 Red8 45. Ra3 Re8 46. R1a2 Red8 47. Rb3 Re8 48. Raa3 Red8 49. Ra1 Re8 50. Ra2 Red8 51. Rba3 Re8 52. Kg1 Red8 53. Kg2 1/2-1/2

[Variant "Standard"]
[Site "Europe Echecs"]

[Event "Championnat du monde jeunes U12"]
[Date "2024.11.26"]
[White "Lacan Rus, David"]
[Black "Kuandykuly, Danis"]
[WhiteElo "2274"]
[BlackElo "2199"]
[Round "11.3"]
[Result "1-0"]
[TimeControl "5400+30"]

1. e4 c5 2. Na3 Nc6 3. Bb5 d6 4. Bxc6+ bxc6 5. f4 e5 6. d3 exf4 7. Bxf4 Nf6 8. Ne2 d5 9. e5 Nh5 10. O-O Nxf4 11. Nxf4 Be7 12. Nh5 O-O 13. Qf3 Bh4 14. g3 Be7 15. Rae1 Rb8 16. Qf4 Bg5 17. Qa4 Bh3 18. Rf2 Rxb2 19. Qxa7 Rxa2 20. e6 Bxe6 21. Rxe6 Qa8 22. Rxf7 Qxa7 23. Rxa7 g6 24. Nf4 Bf6 25. Rxc6 Bd4+ 26. Kg2 c4 27. Raa6 g5 28. Ne6 cxd3 29. Nxf8 d2 30. Rc8 h6 31. Ng6+ Kh7 32. Rc7+ Bg7 33. Nf8+ Kg8 34. Ne6 d1=Q 35. Rxg7+ 1-0

[Variant "Standard"]
[Site "Europe Echecs"]

[Event "Championnat du monde jeunes U12"]
[Date "2024.11.26"]
[White "Negrean, Andrei"]
[Black "Liu, Patrick"]
[WhiteElo "2255"]
[BlackElo "2192"]
[Round "11.4"]
[Result "1/2-1/2"]
[TimeControl "5400+30"]

1. d4 Nf6 2. c4 e6 3. Nf3 d5 4. Nc3 Bb4 5. Qa4+ Nc6 6. Bg5 h6 7. Bxf6 Qxf6 8. e3 O-O 9. cxd5 exd5 10. Qd1 Rd8 11. h3 Ne7 12. Be2 c6 13. O-O Ng6 14. Rc1 Bd6 15. Bd3 Bf5 16. Bxf5 Qxf5 17. Na4 Qd7 18. Nc5 Qe7 19. Qc2 Rac8 20. Rfd1 Bb8 21. b4 Nf8 22. a4 Ne6 23. Nxe6 Qxe6 24. Qb2 Qd6 25. b5 b6 26. bxc6 Rxc6 27. Ne5 Rcc8 28. Rxc8 Rxc8 29. Rc1 Rxc1+ 30. Qxc1 Qe6 31. Nc6 Qe8 32. Qc2 a5 33. Nxb8 Qxb8 34. Qc6 Qd8 35. g3 Kf8 36. h4 Ke7 37. e4 dxe4 38. Qxe4+ Kf8 39. Qe5 f6 40. Qe4 Qd7 41. d5 b5 42. axb5 Qxb5 43. Qe6 a4 44. Qd6+ Kf7 45. Qc7+ Kg6 46. d6 a3 47. d7 Qb1+
48. Kh2 a2 49. h5+ Kh7 50. d8=Q a1=Q 51. Qxg7+ Kxg7 52. Qe7+ 1/2-1/2

[Variant "Standard"]
[Site "Europe Echecs"]

[Event "Championnat du monde jeunes U12"]
[Date "2024.11.26"]
[White "Golis, Wiktor"]
[Black "Sobirov, Afruzbek"]
[WhiteElo "2343"]
[BlackElo "1928"]
[Round "11.5"]
[Result "1/2-1/2"]
[TimeControl "5400+30"]

1. d4 Nf6 2. c4 e6 3. Nf3 d5 4. Nc3 a6 5. cxd5 exd5 6. Qb3 c6 7. e4 dxe4 8. Ng5 Nd5 9. Bc4 Bb4 10. O-O Bxc3 11. bxc3 b5 12. Be2 O-O 13. Nxe4 Bf5 14. Bf3 Re8 15. Nc5 Nd7 16. Bxd5 cxd5 17. Qxd5 Nxc5 18. Qxf5 Ne4 19. Bb2 Qa5 20. Qh3 Nd2 21. Rfd1 Nc4 22. Bc1 Re2 23. Bh6 Re6 24. Bf4 Rae8 25. d5 Re4 26. Qg3 b4 27. f3 Qb6+ 28. Kh1 Re2 29. d6 Rd8 30. Bh6 g6 31. Qh4 Ne3 32. Bxe3 Rxe3 33. cxb4 Rxd6 34. Rxd6 Qxd6 35. h3 Rd3 36. Qe1 Rd2 37. a3 Qd4 38. Rc1 Kg7 39. Kh2 Qb2 40. Kh1 Rxg2 41. Qc3+ Qxc3 42. Rxc3 Ra2 43.
Kg1 Kh6 44. f4 f5 45. Kf1 Kh5 46. Rc7 h6 47. Rc3 Kh4 48. Kg1 g5 49. fxg5 hxg5 50. Rf3 f4 51. Rc3 g4 52. hxg4 Kxg4 53. Kf1 f3 54. Rc8 Rxa3 55. Rg8+ Kf4 56. Rf8+ Ke3 57. Re8+ Kd4 58. Rc8 Rc3 59. Ra8 Rc6 60. Kf2 Kc4 61. Rb8 Rf6 62. Rb7 Kb3 63. Rb8 Kc4 64. Rb7 Kd5 65. b5 axb5 66. Rxb5+ 1/2-1/2

[Variant "Standard"]
[Site "Europe Echecs"]